% Time on Ice - RENO LIONS
Lines # - Real PCT - Wanted PCT - Time Play
Normal Forward
1 - 34% - 35% - 18:04
2 - 30% - 30% - 15:39
3 - 24% - 25% - 12:39
4 - 12% - 10% - 6:09
Normal Defense
1 - 34% - 35% - 17:40
2 - 36% - 32% - 18:40
3 - 25% - 23% - 13:14
4 - 6% - 10% - 2:57
PP Forward
1 - 51% - 65% - 2:48
2 - 49% - 35% - 2:42
PP Defense
1 - 47% - 60% - 2:36
2 - 53% - 40% - 2:54
PK Forward
1 - 72% - 55% - 1:26
2 - 28% - 45% - 0:33
PK Defense
1 - 46% - 55% - 0:55
2 - 54% - 45% - 1:04
PK3 Forward
1 - 0% - 55%
2 - 0% - 45%
PK3 Defense
1 - 0% - 55%
2 - 0% - 45%
44 Forward
1 - 0% - 55%
2 - 0% - 45%
44 Defense
1 - 0% - 55%
2 - 0% - 45%
Last Minute Offensive  - 0:00
Last Minute Defensive  - 0:00
Total
Forward - 60:00
Defense - 60:00
% Time on Ice - SACRAMENTO BANDITS
Lines # - Real PCT - Wanted PCT - Time Play
Normal Forward
1 - 35% - 36% - 18:14
2 - 30% - 31% - 15:51
3 - 24% - 23% - 12:32
4 - 11% - 10% - 5:54
Normal Defense
1 - 35% - 36% - 18:35
2 - 30% - 31% - 16:01
3 - 29% - 23% - 15:01
4 - 6% - 10% - 2:54
PP Forward
1 - 41% - 55% - 0:49
2 - 59% - 45% - 1:10
PP Defense
1 - 59% - 55% - 1:10
2 - 41% - 45% - 0:49
PK Forward
1 - 59% - 55% - 3:16
2 - 41% - 45% - 2:14
PK Defense
1 - 51% - 55% - 2:47
2 - 49% - 45% - 2:43
PK3 Forward
1 - 0% - 55%
2 - 0% - 45%
PK3 Defense
1 - 0% - 55%
2 - 0% - 45%
44 Forward
1 - 0% - 55%
2 - 0% - 45%
44 Defense
1 - 0% - 55%
2 - 0% - 45%
Last Minute Offensive  - 0:00
Last Minute Defensive  - 0:00
Total
Forward - 60:00
Defense - 60:00
Play-by-Play 1st period 0:01 of 1st period - Steven Stamkos wins face-off versus Anze Kopitar in neutral zone. 0:22 of 1st period - Shot by Elias Pettersson. 0:22 of 1st period - Shot Misses the Net. 0:40 of 1st period - Shot by Brent Burns. 0:40 of 1st period - Shot Misses the Net. 1:31 of 1st period - Shot by Pierre-Luc Dubois. 1:31 of 1st period - Shot Misses the Net. 1:33 of 1st period - Shot by Nick Bjugstad. 1:33 of 1st period - Shot Misses the Net. 1:39 of 1st period - Shot by Pierre-Luc Dubois. 1:39 of 1st period - Shot Blocked by Nico Hischier. 1:45 of 1st period - Shot by Pierre-Luc Dubois. 1:45 of 1st period - Shot Blocked by Marc-Edouard Vlasic. 1:47 of 1st period - Shot by Mattias Samuelsson. 1:47 of 1st period - Stopped by Marc-Andre Fleury without a rebound. 1:48 of 1st period - Patrick Brown wins face-off versus Eetu Luostarinen in SACRAMENTO BANDITS zone. 1:49 of 1st period - Shot by Ilya Mikheyev. 1:49 of 1st period - Stopped by Marc-Andre Fleury with a rebound. 1:56 of 1st period - Danil Gushchin is hit by Ethan Bear. 2:00 of 1st period - Shot by Eetu Luostarinen. 2:00 of 1st period - Shot Misses the Net. 2:02 of 1st period - Shot by Danil Gushchin. 2:02 of 1st period - Shot Misses the Net. 2:04 of 1st period - Shot by Eetu Luostarinen. 2:04 of 1st period - Stopped by Stuart Skinner without a rebound. 2:05 of 1st period - Alex Steeves wins face-off versus Peter Abbandonato in RENO LIONS zone. 4:15 of 1st period - Shot by Sam Reinhart. 4:15 of 1st period - Deflect By David Perron. 4:15 of 1st period - Stopped by Stuart Skinner with a rebound. 4:17 of 1st period - Shot by Marc-Edouard Vlasic. 4:17 of 1st period - Goal by Marc-Edouard Vlasic - RENO LIONS : 0 - SACRAMENTO BANDITS : 1. 4:18 of 1st period - Patrick Brown wins face-off versus Nico Hischier in neutral zone. 4:37 of 1st period - Shot by Ilya Mikheyev. 4:37 of 1st period - Stopped by Marc-Andre Fleury without a rebound. 4:38 of 1st period - Peter Abbandonato wins face-off versus Pierre-Luc Dubois in SACRAMENTO BANDITS zone. 4:49 of 1st period - Shot by Dominik Kubalik. 4:49 of 1st period - Deflect By Peter Abbandonato. 4:49 of 1st period - Stopped by Stuart Skinner with a rebound. 5:04 of 1st period - Icing by Brady Skjei. 5:05 of 1st period - Nick Bjugstad wins face-off versus Christian Fischer in RENO LIONS zone. 5:24 of 1st period - Jack Roslovic is hit by Brent Burns and loses puck. 6:41 of 1st period - Shot by Sam Reinhart. 6:41 of 1st period - Shot Blocked by Kirill Kaprizov. 7:01 of 1st period - Shot by Danil Gushchin. 7:01 of 1st period - Stopped by Stuart Skinner without a rebound. 7:02 of 1st period - Nick Bjugstad wins face-off versus Peter Abbandonato in RENO LIONS zone. 7:23 of 1st period - Shot by Pierre-Luc Dubois. 7:23 of 1st period - Stopped by Marc-Andre Fleury without a rebound. 7:24 of 1st period - Patrick Brown wins face-off versus Eetu Luostarinen in SACRAMENTO BANDITS zone. 7:24 of 1st period - Patrick Brown is hit by Rasmus Sandin. 7:35 of 1st period - Minor Penalty to Rasmus Sandin for Hooking. 7:36 of 1st period - Anze Kopitar wins face-off versus Steven Stamkos in SACRAMENTO BANDITS zone. 8:01 of 1st period - Shot by Elias Pettersson. 8:01 of 1st period - Shot Misses the Net. 8:03 of 1st period - Shot by Juuso Valimaki. 8:03 of 1st period - Shot Misses the Net. 8:05 of 1st period - Shot by Kirill Kaprizov. 8:05 of 1st period - Shot Misses the Net. 8:37 of 1st period - Shot by Brady Skjei. 8:37 of 1st period - Shot Misses the Net. 8:39 of 1st period - Shot by Justin Schultz. 8:39 of 1st period - Stopped by Marc-Andre Fleury without a rebound. 8:40 of 1st period - Pierre-Luc Dubois wins face-off versus Sam Reinhart in SACRAMENTO BANDITS zone. 8:44 of 1st period - Shot by Justin Schultz. 8:44 of 1st period - Shot Misses the Net. 8:46 of 1st period - Shot by Brady Skjei. 8:46 of 1st period - Stopped by Marc-Andre Fleury without a rebound. 8:47 of 1st period - Pierre-Luc Dubois wins face-off versus Sam Reinhart in SACRAMENTO BANDITS zone. 9:08 of 1st period - Brent Burns is hit by Pierre-Luc Dubois and loses puck. 9:47 of 1st period - Shot by Eetu Luostarinen. 9:47 of 1st period - Deflect By Jonathan Huberdeau. 9:47 of 1st period - Stopped by Stuart Skinner without a rebound. 9:48 of 1st period - Steven Stamkos wins face-off versus Peter Abbandonato in RENO LIONS zone. 9:57 of 1st period - Shot by Kirill Kaprizov. 9:57 of 1st period - Stopped by Marc-Andre Fleury without a rebound. 9:58 of 1st period - Anze Kopitar wins face-off versus Steven Stamkos in SACRAMENTO BANDITS zone. 10:39 of 1st period - Shot by Kirill Kaprizov. 10:39 of 1st period - Stopped by Marc-Andre Fleury without a rebound. 10:40 of 1st period - Nico Hischier wins face-off versus Nick Bjugstad in SACRAMENTO BANDITS zone. 10:40 of 1st period - Nico Hischier is hit by Nick Bjugstad. 10:53 of 1st period - Nico Hischier is hit by Oliver Ekman-Larsson and loses puck. 12:41 of 1st period - Icing by Ethan Bear. 12:42 of 1st period - Steven Stamkos wins face-off versus Eetu Luostarinen in RENO LIONS zone. 12:56 of 1st period - Shot by Elias Pettersson. 12:56 of 1st period - Shot Misses the Net. 12:58 of 1st period - Shot by Elias Pettersson. 12:58 of 1st period - Goal by Elias Pettersson - RENO LIONS : 1 - SACRAMENTO BANDITS : 1. 12:59 of 1st period - Nick Bjugstad wins face-off versus Dominik Kubalik in neutral zone. 13:41 of 1st period - Shot by Dominik Kubalik. 13:41 of 1st period - Stopped by Stuart Skinner without a rebound. 13:42 of 1st period - Nico Hischier wins face-off versus Steven Stamkos in RENO LIONS zone. 13:53 of 1st period - Shot by Nico Hischier. 13:53 of 1st period - Shot Hit the Post. 15:01 of 1st period - Shot by Eetu Luostarinen. 15:01 of 1st period - Stopped by Stuart Skinner without a rebound. 15:02 of 1st period - Nick Bjugstad wins face-off versus Anze Kopitar in RENO LIONS zone. 15:09 of 1st period - Icing by Janis Moser. 15:10 of 1st period - Nick Bjugstad wins face-off versus Anze Kopitar in SACRAMENTO BANDITS zone. 15:13 of 1st period - Shot by Pierre-Luc Dubois. 15:13 of 1st period - Shot Misses the Net. 15:15 of 1st period - Shot by Mattias Samuelsson. 15:15 of 1st period - Stopped by Marc-Andre Fleury with a rebound. 15:25 of 1st period - Shot by Nick Bjugstad. 15:25 of 1st period - Shot Misses the Net. 15:27 of 1st period - Shot by Nick Bjugstad. 15:27 of 1st period - Shot Misses the Net. 15:29 of 1st period - Shot by Mattias Samuelsson. 15:29 of 1st period - Stopped by Marc-Andre Fleury with a rebound. 15:31 of 1st period - Shot by Oliver Ekman-Larsson. 15:31 of 1st period - Shot Misses the Net. 15:33 of 1st period - Shot by Mattias Samuelsson. 15:33 of 1st period - Stopped by Marc-Andre Fleury with a rebound. 15:35 of 1st period - Shot by Mattias Samuelsson. 15:35 of 1st period - Stopped by Marc-Andre Fleury with a rebound. 15:37 of 1st period - Shot by Jack Roslovic. 15:37 of 1st period - Shot Misses the Net. 15:41 of 1st period - Shot by Jack Roslovic. 15:41 of 1st period - Stopped by Marc-Andre Fleury without a rebound. 15:42 of 1st period - Elias Pettersson wins face-off versus Eetu Luostarinen in SACRAMENTO BANDITS zone. 16:21 of 1st period - Kirill Kaprizov is hit by Mikhail Sergachev. 16:25 of 1st period - Shot by Steven Stamkos. 16:25 of 1st period - Shot Blocked by Mikhail Sergachev. 16:26 of 1st period - Minor Penalty to Mikhail Sergachev for Hooking. 16:27 of 1st period - Anze Kopitar wins face-off versus Pierre-Luc Dubois in SACRAMENTO BANDITS zone. 17:32 of 1st period - Off-side. 17:33 of 1st period - Steven Stamkos wins face-off versus Sam Reinhart in neutral zone. 17:33 of 1st period - Elias Pettersson is hit by David Perron and loses puck. 17:54 of 1st period - Shot by Elias Pettersson. 17:54 of 1st period - Shot Misses the Net. 17:56 of 1st period - Shot by Elias Pettersson. 17:56 of 1st period - Shot Misses the Net. 17:58 of 1st period - Shot by Elias Pettersson. 17:58 of 1st period - Goal by Elias Pettersson - RENO LIONS : 2 - SACRAMENTO BANDITS : 1. 17:59 of 1st period - Nico Hischier wins face-off versus Alex Steeves in neutral zone. 17:59 of 1st period - Shayne Gostisbehere is hit by Nicholas Ritchie. 18:11 of 1st period - Shot by Nico Hischier. 18:11 of 1st period - Stopped by Stuart Skinner without a rebound. 18:12 of 1st period - Eetu Luostarinen wins face-off versus Patrick Brown in RENO LIONS zone. Goals for this period are 2 for RENO LIONS vs 1 for SACRAMENTO BANDITS. Shots for this period are 15 for RENO LIONS vs 9 for SACRAMENTO BANDITS. 2nd period 0:01 of 2nd period - Nico Hischier wins face-off versus Nick Bjugstad in neutral zone. 0:22 of 2nd period - Shot by Nick Bjugstad. 0:22 of 2nd period - Shot Misses the Net. 0:24 of 2nd period - Shot by Pierre-Luc Dubois. 0:24 of 2nd period - Goal by Pierre-Luc Dubois - RENO LIONS : 3 - SACRAMENTO BANDITS : 1. 0:25 of 2nd period - Sam Reinhart wins face-off versus Steven Stamkos in neutral zone. 0:36 of 2nd period - Shot by David Perron. 0:36 of 2nd period - Stopped by Stuart Skinner without a rebound. 0:37 of 2nd period - Nick Bjugstad wins face-off versus Eetu Luostarinen in RENO LIONS zone. 0:42 of 2nd period - Shot by Jack Roslovic. 0:42 of 2nd period - Stopped by Marc-Andre Fleury without a rebound. 0:43 of 2nd period - Nick Bjugstad wins face-off versus Nico Hischier in SACRAMENTO BANDITS zone. 2:38 of 2nd period - Icing by Eetu Luostarinen. 2:39 of 2nd period - Patrick Brown wins face-off versus Eetu Luostarinen in SACRAMENTO BANDITS zone. 3:14 of 2nd period - Shot by Marcus Foligno. 3:14 of 2nd period - Shot Misses the Net. 3:16 of 2nd period - Shot by Patrick Brown. 3:16 of 2nd period - Stopped by Marc-Andre Fleury without a rebound. 3:17 of 2nd period - Elias Pettersson wins face-off versus Nico Hischier in SACRAMENTO BANDITS zone. 3:24 of 2nd period - Shot by Steven Stamkos. 3:24 of 2nd period - Shot Misses the Net. 3:29